% Time on Ice - ANCHORAGE ACES
Lines # - Real PCT - Wanted PCT - Time Play
Normal Forward
1 - 33% - 36% - 16:06
2 - 37% - 36% - 17:36
3 - 26% - 25% - 12:31
4 - 4% - 3% - 1:53
Normal Defense
1 - 31% - 35% - 14:48
2 - 32% - 35% - 15:37
3 - 30% - 23% - 14:27
4 - 7% - 7% - 3:14
PP Forward
1 - 59% - 50% - 1:10
2 - 41% - 50% - 0:49
PP Defense
1 - 59% - 55% - 1:10
2 - 41% - 45% - 0:49
PK Forward
1 - 67% - 55% - 6:36
2 - 33% - 45% - 3:19
PK Defense
1 - 56% - 55% - 5:34
2 - 44% - 45% - 4:21
PK3 Forward
1 - 0% - 55%
2 - 0% - 45%
PK3 Defense
1 - 0% - 55%
2 - 0% - 45%
44 Forward
1 - 0% - 55%
2 - 0% - 45%
44 Defense
1 - 0% - 55%
2 - 0% - 45%
Last Minute Offensive  - 0:00
Last Minute Defensive  - 0:00
Total
Forward - 60:00
Defense - 60:00
% Time on Ice - OAKLAND GORILLAS
Lines # - Real PCT - Wanted PCT - Time Play
Normal Forward
1 - 30% - 34% - 14:27
2 - 30% - 34% - 14:21
3 - 30% - 32% - 14:28
4 - 10% - 0% - 4:50
Normal Defense
1 - 34% - 36% - 16:17
2 - 35% - 36% - 16:53
3 - 29% - 28% - 13:48
4 - 2% - 0% - 1:08
PP Forward
1 - 62% - 55% - 6:10
2 - 38% - 45% - 3:45
PP Defense
1 - 48% - 60% - 4:46
2 - 52% - 40% - 5:09
PK Forward
1 - 48% - 55% - 0:57
2 - 52% - 45% - 1:02
PK Defense
1 - 52% - 55% - 1:02
2 - 48% - 45% - 0:57
PK3 Forward
1 - 0% - 55%
2 - 0% - 45%
PK3 Defense
1 - 0% - 55%
2 - 0% - 45%
44 Forward
1 - 0% - 55%
2 - 0% - 45%
44 Defense
1 - 0% - 55%
2 - 0% - 45%
Last Minute Offensive  - 0:00
Last Minute Defensive  - 0:00
Total
Forward - 60:00
Defense - 60:00
Play-by-Play 1st period 0:01 of 1st period - Aleksander Barkov wins face-off versus Connor McDavid in neutral zone. 0:37 of 1st period - Shot by Aleksander Barkov. 0:37 of 1st period - Shot Misses the Net. 0:39 of 1st period - Shot by Zachary Werenski. 0:39 of 1st period - Stopped by Darcy Kuemper without a rebound. 0:40 of 1st period - Phillip Danault wins face-off versus Logan Couture in ANCHORAGE ACES zone. 0:49 of 1st period - Shot by Yegor Sharangovich. 0:49 of 1st period - Stopped by Alexandar Georgiev without a rebound. 0:50 of 1st period - Patrice Bergeron wins face-off versus Erik Haula in OAKLAND GORILLAS zone. 1:31 of 1st period - Shot by Alex Killorn. 1:31 of 1st period - Shot Misses the Net. 1:55 of 1st period - Shot by Chris Kreider. 1:55 of 1st period - Shot Blocked by Hampus Lindholm. 2:03 of 1st period - Filip Hronek is hit by Logan Couture and loses puck. 2:54 of 1st period - Shot by Patrik Laine. 2:54 of 1st period - Stopped by Darcy Kuemper with a rebound. 2:56 of 1st period - Shot by Aleksander Barkov. 2:56 of 1st period - Shot Hit the Post. 3:10 of 1st period - Shot by Aleksander Barkov. 3:10 of 1st period - Shot Blocked by Chris Kreider. 3:12 of 1st period - Shot by Aleksander Barkov. 3:12 of 1st period - Stopped by Darcy Kuemper without a rebound. 3:13 of 1st period - Connor McDavid wins face-off versus Patrice Bergeron in ANCHORAGE ACES zone. 3:28 of 1st period - Shot by Patrice Bergeron. 3:28 of 1st period - Shot Misses the Net. 3:36 of 1st period - Icing by Patrice Bergeron. 3:37 of 1st period - Sam Gagner wins face-off versus Patrice Bergeron in OAKLAND GORILLAS zone. 3:51 of 1st period - Icing by Alex Killorn. 3:52 of 1st period - Erik Haula wins face-off versus Logan Couture in ANCHORAGE ACES zone. 4:00 of 1st period - Icing by Hampus Lindholm. 4:01 of 1st period - Connor McDavid wins face-off versus Logan Couture in OAKLAND GORILLAS zone. 4:22 of 1st period - Shot by Hampus Lindholm. 4:22 of 1st period - Stopped by Darcy Kuemper without a rebound. 4:23 of 1st period - Aleksander Barkov wins face-off versus Erik Haula in ANCHORAGE ACES zone. 4:38 of 1st period - Shot by Jordan Kyrou. 4:38 of 1st period - Deflect By Aleksander Barkov. 4:38 of 1st period - Stopped by Darcy Kuemper without a rebound. 4:39 of 1st period - Logan Couture wins face-off versus Connor McDavid in ANCHORAGE ACES zone. 4:42 of 1st period - Shot by Brock Nelson. 4:42 of 1st period - Deflect By Logan Couture. 4:42 of 1st period - Shot Misses the Net. 4:54 of 1st period - Shot by Nikolaj Ehlers. 4:54 of 1st period - Shot Misses the Net. 4:56 of 1st period - Shot by Nikolaj Ehlers. 4:56 of 1st period - Shot Misses the Net. 4:58 of 1st period - Shot by Seth Jones. 4:58 of 1st period - Shot Blocked by Hampus Lindholm. 5:00 of 1st period - Shot by Connor McDavid. 5:00 of 1st period - Shot Misses the Net. 5:02 of 1st period - Shot by Connor McDavid. 5:02 of 1st period - Stopped by Alexandar Georgiev without a rebound. 5:03 of 1st period - Aleksander Barkov wins face-off versus Phillip Danault in OAKLAND GORILLAS zone. 5:03 of 1st period - Aleksander Barkov is hit by Chris Kreider. 5:46 of 1st period - Shot by Phillip Danault. 5:46 of 1st period - Stopped by Alexandar Georgiev without a rebound. 5:47 of 1st period - Patrice Bergeron wins face-off versus Connor McDavid in OAKLAND GORILLAS zone. 6:23 of 1st period - Icing by Hampus Lindholm. 6:24 of 1st period - Patrice Bergeron wins face-off versus Erik Haula in OAKLAND GORILLAS zone. 8:29 of 1st period - Shot by Aleksander Barkov. 8:29 of 1st period - Shot Misses the Net. 9:08 of 1st period - Shot by Patrice Bergeron. 9:08 of 1st period - Stopped by Darcy Kuemper with a rebound. 9:10 of 1st period - Shot by Hampus Lindholm. 9:10 of 1st period - Stopped by Darcy Kuemper without a rebound. 9:11 of 1st period - David Kampf wins face-off versus Erik Haula in ANCHORAGE ACES zone. 9:13 of 1st period - Brock Boeser is hit by Jani Hakanpaa and loses puck. 9:17 of 1st period - Jack McBain is hit by Jack Johnson and loses puck. 10:25 of 1st period - Colton Sissons is hit by Nikolaj Ehlers and loses puck. 11:17 of 1st period - Shot by Filip Hronek. 11:17 of 1st period - Stopped by Alexandar Georgiev without a rebound. 11:18 of 1st period - Aleksander Barkov wins face-off versus Sheldon Dries in OAKLAND GORILLAS zone. 11:26 of 1st period - Aleksander Barkov is hit by Robert Bortuzzo and loses puck. 11:40 of 1st period - Connor McDavid is hit by Jared Spurgeon and loses puck. 11:58 of 1st period - Shot by Jordan Kyrou. 11:58 of 1st period - Stopped by Darcy Kuemper without a rebound. 11:59 of 1st period - Phillip Danault wins face-off versus Logan Couture in ANCHORAGE ACES zone. 12:05 of 1st period - Minor Penalty to Ryan Pulock for Holding. 12:06 of 1st period - Erik Haula wins face-off versus Logan Couture in ANCHORAGE ACES zone. 12:27 of 1st period - Shot by Zachary Werenski. 12:27 of 1st period - Stopped by Darcy Kuemper without a rebound. 12:28 of 1st period - Aleksander Barkov wins face-off versus Erik Haula in ANCHORAGE ACES zone. 13:45 of 1st period - Brock Boeser is hit by Nathan MacKinnon. 13:55 of 1st period - Shot by Zachary Werenski. 13:55 of 1st period - Stopped by Darcy Kuemper without a rebound. 13:56 of 1st period - Erik Haula wins face-off versus Logan Couture in ANCHORAGE ACES zone. 14:09 of 1st period - Hampus Lindholm is hit by Yegor Sharangovich and loses puck. 14:40 of 1st period - Shot by Patrice Bergeron. 14:40 of 1st period - Shot Misses the Net. 14:42 of 1st period - Shot by Hampus Lindholm. 14:42 of 1st period - Stopped by Darcy Kuemper without a rebound. 14:43 of 1st period - David Kampf wins face-off versus Connor McDavid in ANCHORAGE ACES zone. 14:50 of 1st period - Shot by Jack McBain. 14:50 of 1st period - Shot Misses the Net. 16:00 of 1st period - Erik Haula is hit by Jared Spurgeon and loses puck. 16:22 of 1st period - Filip Hronek is hit by Martin Fehervary and loses puck. 16:47 of 1st period - Shot by Jordan Kyrou. 16:47 of 1st period - Stopped by Darcy Kuemper with a rebound. 17:50 of 1st period - Shot by Marcus Foligno. 17:50 of 1st period - Stopped by Darcy Kuemper without a rebound. 17:51 of 1st period - Logan Couture wins face-off versus Connor McDavid in ANCHORAGE ACES zone. 18:00 of 1st period - Shot by Brock Boeser. 18:00 of 1st period - Stopped by Darcy Kuemper without a rebound. 18:01 of 1st period - Aleksander Barkov wins face-off versus Connor McDavid in ANCHORAGE ACES zone. 18:30 of 1st period - Shot by Nathan MacKinnon. 18:30 of 1st period - Shot Misses the Net. 18:32 of 1st period - Shot by Nathan MacKinnon. 18:32 of 1st period - Shot Misses the Net. 19:04 of 1st period - Shot by Erik Haula. 19:04 of 1st period - Stopped by Alexandar Georgiev with a rebound. 19:06 of 1st period - Shot by Erik Haula. 19:06 of 1st period - Deflect By Alex Killorn. 19:06 of 1st period - Shot Blocked by Hampus Lindholm. 19:08 of 1st period - Shot by Erik Haula. 19:08 of 1st period - Stopped by Alexandar Georgiev without a rebound. 19:09 of 1st period - Logan Couture wins face-off versus Erik Haula in OAKLAND GORILLAS zone. 19:28 of 1st period - Shot by Alex Killorn. 19:28 of 1st period - Goal by Alex Killorn - ANCHORAGE ACES : 1 - OAKLAND GORILLAS : 0. 19:29 of 1st period - Phillip Danault wins face-off versus Patrice Bergeron in neutral zone. 19:29 of 1st period - Chris Kreider is hit by Marcus Foligno and loses puck. 19:33 of 1st period - Chris Kreider is hit by Martin Fehervary and loses puck. 19:44 of 1st period - Shot by Yegor Sharangovich. 19:44 of 1st period - Shot Misses the Net. 19:46 of 1st period - Shot by Jack Johnson. 19:46 of 1st period - Shot Blocked by Shayne Gostisbehere. 19:48 of 1st period - Shot by Phillip Danault. 19:48 of 1st period - Deflect By Chris Kreider. 19:48 of 1st period - Shot Misses the Net. 19:50 of 1st period - Shot by Jani Hakanpaa. 19:50 of 1st period - Shot Misses the Net. 19:56 of 1st period - Shot by Yeg